Construct Infanterie Kompanie
Selects Terror Battlegroup
Selects Machine Gun Camouflage
Construct Panzergrenadier Kompanie
Nebelwerfer 42 Rocket Launcher Team
Selects Defend the Fatherland
Nebelwerfer 42 Rocket Launcher Team
Pak 40 Anti-tank Gun Team
Selects Contempt for the Weak
Construct Panzer Kompanie
Pak 40 Anti-tank Gun Team
Nebelwerfer 42 Rocket Launcher Team
Pak 40 Anti-tank Gun Team
Selects King Tiger Heavy Tank